 Dungeon Crawl Stone Soup version 0.27.1-34-g3ba077fa99 (webtiles) character file.

Game seed: 1246544847756723823

14 shadowrider38 the Bolt Thrower (level 2, -2/21 HPs)
             Began as an Octopode Wanderer on Jan 10, 2022.
             Slain by a kobold (5 damage)
             ... on level 1 of the Dungeon.
             The game lasted 00:02:11 (370 turns).

shadowrider38 the Bolt Thrower (Octopode Wanderer)   Turns: 370, Time: 00:02:13

Health: -2/21      AC:  1    Str: 11    XL:     2   Next: 41%
Magic:  2/2        EV: 13    Int: 15    God:
Gold:   0          SH:  0    Dex: 10    Spells: 1/1 levels left

rFire    + . .     SeeInvis .   a - +2 hand crossbow
rCold    . . .     Faith    .   (no shield)
rNeg     . . .     Spirit   .   (helmet restricted)
rPois    .         Reflect  .   (no amulet)
rElec    .         Harm     .   f - ring of protection from fire
rCorr    .         Rampage  .   (no ring)
Will     .....                  (no ring)
Stlth    ++........             (no ring)
HPRegen  0.07/turn              (no ring)
MPRegen  0.08/turn              (no ring)
                                (no ring)
                                (no ring)

@: no status effects
A: almost no armour, amphibious, 8 rings, camouflage 1, gelatinous body 1,
(nimble swimmer 1), tentacles
a: no special abilities


You were on level 1 of the Dungeon.
You visited 1 branch of the dungeon, and saw 1 of its levels.

Inventory:

Hand Weapons
 a - a +2 hand crossbow (weapon)
 b - a +0 mace
Missiles
 c - 22 bolts (quivered ammo)
 h - 6 stones
Jewellery
 f - a ring of protection from fire (left tentacle)
Scrolls
 d - a scroll of teleportation
 e - a scroll of identify {unknown}
 g - a scroll of blinking {unknown}


   Skills:
 - Level 3.0 Fighting
 - Level 2.0 Maces & Flails
 - Level 3.0 Crossbows
 - Level 1.0 Throwing
 + Level 2.0 Dodging
 - Level 1.3 Stealth


You had one spell level left.
You didn't know any spells.
Your spell library was empty.

Dungeon Overview and Level Annotations

Branches:
Dungeon (1/15)

Altars:


Innate Abilities, Weirdness & Mutations

You cannot wear most types of armour.
You are amphibious.
You can wear up to eight rings at the same time.
Your skin changes colour to match your surroundings (Stealth+).
Your rubbery body absorbs attacks. (AC +1, EV +1)
((You are camouflaged near water. (Stealth+)))
You have tentacles for arms and can constrict up to eight enemies at once.


Message History

Press: ? - help, Q - select action, (/) - cycle Shift-Dir - straight line, f - jackal
Aim: a jackal (heavily wounded, 58% to hit)
You shoot a bolt. The bolt barely misses the jackal.
The bolt hits the jackal!
You kill the jackal!
The jackal bites you. x2
Fire: 26 bolts
Press: ? - help, Q - select action, (/) - cycle Shift-Dir - straight line, f/p - jackal
Aim: a jackal (heavily wounded, 58% to hit)
You shoot a bolt. The bolt closely misses the jackal.
The bolt hits the rat.
You kill the rat!
The jackal bites you.
* * * LOW HITPOINT WARNING * * *
The jackal bites you.
* * * LOW HITPOINT WARNING * * *
Fire: 25 bolts
Press: ? - help, Q - select action, (/) - cycle Shift-Dir - straight line, f/p - jackal
Aim: a jackal (heavily wounded, 58% to hit)
You shoot a bolt. The bolt closely misses the jackal.
The bolt hits the kobold.
The kobold is moderately wounded.
The jackal bites you.
* * * LOW HITPOINT WARNING * * *
The jackal closely misses you.
You aren't carrying any potions.
Fire: 24 bolts
Press: ? - help, Q - select action, (/) - cycle Shift-Dir - straight line, f/p - jackal
Aim: a jackal (heavily wounded, 58% to hit)
You shoot a bolt. The bolt hits the jackal.
You kill the jackal!
The kobold closely misses you.
Training target 2.0 for Dodging reached!
Your Dodging skill increases to level 2!
You need to enable at least one skill for training.
Training target 2.0 for Fighting reached!
Fire: 23 bolts
Press: ? - help, Q - select action, (/) - cycle Shift-Dir - straight line, f - kobold
Aim: a kobold, wielding a +0 short sword and quivering stones (58% to hit)
You shoot a bolt. The bolt closely misses the kobold.
The bolt hits the kobold.
The kobold is severely wounded.
The kobold hits you with a +0 short sword.
You die...

.....#.####...#.##
# ###...###
##.##.# #
#...#######.##.# #
#.. ...........# .
##.#####.### # #.#
#.## #..# .
#######@# ...
###⌠#⌠#⌠#K#
.....###..K._K..K#
.........#⌠#⌠#⌠###
.........#######
......#### ....#.
.## #


You could see 2 kobolds.

Vanquished Creatures
  2 giant cockroaches (D:1)
  A hobgoblin (D:1)
  3 jackals (D:1)
  2 ball pythons (D:1)
  A bat (D:1)
  2 kobolds (D:1)
  A rat (D:1)
12 creatures vanquished.

Notes
Turn   | Place    | Note
-------+----------+-------------------------------------------
     0 | D:1      | shadowrider38 the Octopode Wanderer began the quest for the
                  | Orb.
     0 | D:1      | shadowrider38 set off with the following items: a +2 hand
                  | crossbow, 27 bolts, a +0 mace, a scroll of teleportation
     0 | D:1      | Reached XP level 1. HP: 16/16 MP: 1/1
   128 | D:1      | Reached skill level 1 in Dodging
   162 | D:1      | Reached XP level 2. HP: 17/21 MP: 2/2
   338 | D:1      | Found a faded altar of an unknown god.
   370 | D:1      | Slain by a kobold

Illustrated notes

Levels and vault maps discovered:
D:1:      sevenhm_arrival_forest_fort_large_4, layout_loops_ring,
          ebering_ecumenical_altar_hall

Skill      XL: |  1  2 |
---------------+-------+-----
Dodging        | 1 2 |  2.0
Fighting       | |  3.0
Maces & Flails | |  2.0
Crossbows      | |  3.0
Throwing       | |  1.0
Stealth        | |  1.3

Action                   || total
-------------------------++-------
Melee: Mace              ||    18
       Constrict         ||     3
       Tentacles         ||     3
 Fire: Hand crossbow     ||     5
 Stab: Sleeping          ||     4
Armor: Skin              ||     2
Dodge: Dodged            ||    19
